 Dungeon Crawl Stone Soup version 0.31-a0-210-gccc998df9b (webtiles) character file.

Game seed: 10261845443597010178

61 qw the Shooter (level 4, 0/26 HPs)
             Began as a Gargoyle Hexslinger on June 30, 2023.
             Slain by an orc wizard
             ... wielding a +0 dagger
              (4 damage)
             ... on level 3 of the Dungeon.
             The game lasted 00:00:37 (2052 turns).

qw the Shooter (Gargoyle Hexslinger)                Turns: 2052, Time: 00:00:37

Health: 0/26       AC:  8    Str: 11    XL:     4   Next: 7%
Magic:  5/5        EV: 10    Int: 14    God:
Gold:   56         SH:  0    Dex: 14    Spells: 4/5 levels left

rFire   . . .        Y - +2 sling
rCold   . . .        (no shield)
rNeg    + . .        i - +0 ring mail
rPois   inf          (no helmet)
rElec   +            (no cloak)
rCorr   .            (no gloves)
SInv    .            (no boots)
Will    .....        (no amulet)
Stlth   +            (no ring)
HPRegen 0.24/turn    (no ring)
MPRegen 0.09/turn

%: no passive effects
@: about to teleport
A: sickness immunity, AC +3, negative energy resistance 1, electricity
resistance, torment resistance 1, petrification resistance
a: no special abilities


You were on level 3 of the Dungeon.
You visited 1 branch of the dungeon, and saw 3 of its levels.

You collected 157 gold pieces.
You spent 101 gold pieces at shops.


Innate Abilities, Weirdness & Mutations

You are immune to sickness and miasma.
Your stone body is resilient. (AC +3)
You are immune to poison.
You resist negative energy. (rN+)
You are resistant to electric shocks. (rElec)
You are resistant to unholy torment.
You are immune to petrification.


   Skills:
 - Level 2.0 Fighting
 + Level 3.9 Ranged Weapons
 - Level 1.5 Dodging
 - Level 1.0 Spellcasting
 - Level 2.6 Hexes


You had 4 spell levels left.
You knew the following spells:

 Your Spells              Type           Power      Damage    Failure   Level
a - Slow                  Hex            32%        N/A       22%         1

Your spell library contained the following spells:

 Spells                   Type           Power      Damage    Failure   Level
 Inner Flame              Hex/Fire       4%         N/A       73%         3
 Portal Projectile        Hex/Tloc       8%         N/A       73%         3
 Cause Fear               Hex            4%         N/A       91%         4

Inventory:

Hand Weapons
 Y - a +2 sling (weapon)
Armour
 i - a +0 ring mail (worn)
Scrolls
 b - 2 scrolls of teleportation
 j - a scroll of identify
Potions
 c - a potion of haste
 d - a potion of cancellation {unknown}
 e - a potion of lignification {unknown}
 f - a potion of heal wounds {unknown}

Dungeon Overview and Level Annotations

Branches:
Dungeon (3/15)

Altars:

Shops:
D:2 [*


Message History

The magic dart hits you.
You shoot a sling bullet.
You hear some strange, mumbled words.
A puff of flame appears from out of thin air!
The puff of flame hits you.
You shoot a sling bullet. Something hits you.
You shoot a sling bullet.
Something hits you but does no damage. x2
You shoot a sling bullet.
You hear some strange, mumbled words.
You are confused.
You shoot a sling bullet. Something hits you but does no damage.
You shoot a sling bullet.
You hear some strange, mumbled words.
A magic dart appears from out of thin air!
The magic dart hits you. Something hits you but does no damage.
You shoot a sling bullet. Something hits you.
You shoot a sling bullet. Something hits you but does no damage.
You shoot a sling bullet.
Something hits you but does no damage. x2
You shoot a sling bullet.
You feel less confused.
An orc wizard appears from thin air!
Reactivating autopickup.
The orc wizard hits you but does no damage.
2050 ||| READING 3 scrolls of teleportation.
As you read the scroll of teleportation, it crumbles to dust.
You feel strangely unstable.
The orc wizard casts a spell.
The orc wizard flickers and vanishes!
Deactivating autopickup; reactivate with Ctrl-A.
You shoot a sling bullet. Something hits you but does no damage.
You shoot a sling bullet. Something hits you but does no damage.
Something hits you.
You die...

#.. ###). #....
##...# #8...8 #...#
#.))# ## ####
##.{@## .. ....
#8...8# .###..###
####...##
.#....#8###8##...#
.#.#.............##
.#.#.............}#
<..#.............##
.###..#8###8##..^#
......########...##


There were no monsters in sight!

Vanquished Creatures
  2 adders
  3 orcs (D:3)
  An endoplasm (D:1)
  3 giant cockroaches
  3 goblins
  7 hobgoblins
  2 jackals (D:2)
  4 kobolds
  A quokka (D:1)
  3 ball pythons
  5 bats
  2 frilled lizards (D:2)
  2 rats (D:1)
38 creatures vanquished.

Notes
Turn   | Place    | Note
-------+----------+-------------------------------------------
     0 | D:1      | qw the Gargoyle Hexslinger began the quest for the Orb.
     0 | D:1      | Reached XP level 1. HP: 12/12 MP: 2/2
     0 | D:1      | 0 ||| qw: Version: 0.3-a-26-gee661ec
     0 | D:1      | 0 ||| qw: Game counter: 7296
     0 | D:1      | 0 ||| qw: Melee chars always use a shield: true
     0 | D:1      | 0 ||| qw: God list: Okawaru
     0 | D:1      | 0 ||| qw: Allow faded altars: false
     0 | D:1      | 0 ||| qw: Do Orc after clearing Dungeon:15 true
     0 | D:1      | 0 ||| qw: Do second Lair branch before Depths: true
     0 | D:1      | 0 ||| qw: Lair rune preference: random
     0 | D:1      | 0 ||| qw: Goals: Normal
     0 | D:1      | 0 ||| PLANNING D:1-11
   229 | D:1      | Reached XP level 2. HP: 16/16 MP: 3/3
   503 | D:1      | Reached skill level 3 in Ranged Weapons
   808 | D:1      | 808 ||| UPGRADING to +0 ring mail.
   818 | D:1      | 818 ||| DROPPING +0 robe.
   819 | D:1      | 819 ||| READING scroll labelled KUEVAG FOL ZEMM.
   820 | D:1      | 820 ||| READING scroll labelled DUHO ZIXOIPE.
   824 | D:1      | 824 ||| READING 2 scrolls labelled BUCEYGILEI.
   825 | D:1      | 825 ||| DROPPING scroll of poison.
   858 | D:2      | Reached XP level 3. HP: 20/21 MP: 4/4
   988 | D:2      | Found Giczoy's Antique Armour Shop.
  1198 | D:2      | Found Qesiyh's Assorted Antiques.
  1208 | D:2      | 1208 ||| BUYING inky potion (23 gold).
  1208 | D:2      | Bought an inky potion for 23 gold pieces
  1208 | D:2      | 1208 ||| BUYING scroll of teleportation (78 gold).
  1208 | D:2      | Bought a scroll of teleportation for 78 gold pieces
  1208 | D:2      | 1208 ||| SHOPLISTING scroll of teleportation (78 gold, have
                  | 7).
  1498 | D:2      | 1498 ||| SHOPLISTING cloak (117 gold, have 18).
  1731 | D:2      | 1731 ||| READING scroll labelled DURURRUIK.
  1732 | D:2      | 1732 ||| DRINKING 3 blue potions.
  1733 | D:2      | 1733 ||| READING 2 scrolls of identify.
  1733 | D:2      | 1733 ||| IDENTIFYING inky potion
  1734 | D:2      | 1734 ||| DROPPING 2 potions of attraction.
  2017 | D:3      | Reached XP level 4. HP: 26/26 MP: 5/5
  2041 | D:3      | HP: 6/26 [something (2)]
  2046 | D:3      | HP: 3/26 [something (4)]
  2050 | D:3      | 2050 ||| READING 3 scrolls of teleportation.
  2052 | D:3      | Slain by an orc wizard

Levels and vault maps discovered:
D:1:      grunt_arrival_crossed_arrows, layout_loops_corners
D:2:      layout_basic, serial_shops, nicolae_shop_tiny_glass,
          nicolae_shop_hallway_stairs
D:3:      layout_basic, lemuel_round_altar, serial_corexii_hall,
          corexii_hall_statues_i, chequers_hall_statues_corner_a,
          chequers_hall_statues_corner_a, corexii_hall_statues_t,
          minmay_checkerbox

Skill      XL: |  1  2 |
---------------+-------+-----
Ranged Weapons | 3 |  3.9
Fighting       | 2 |  2.0
Dodging        | |  1.5
Spellcasting   | |  1.0
Hexes          | |  2.6

Action                     |  1- 3 |  4- 6 || total
---------------------------+-------+-------++-------
   Fire: Sling             |   105 |    30 ||   135
    Use: Scroll            |     5 |     1 ||     6
         Potion            |     1 |       ||     1
 Armour: Robe              |     3 |       ||     3
         Ring mail         |    30 |    25 ||    55
  Dodge: Dodged            |    35 |    11 ||    46

Table legend:
 A = Non-vault XP
 B = Vault XP
 C = Vault XP percentage of total XP
 D = Non-vault monster count
 E = Vault monster count
 F = Vault count percentage of total count
                 A         B        C        D         E       F
            +---------+---------+-------+---------+---------+-------
      Total |      88 |       0 |   0.0 |      38 |       0 |   0.0
            +---------+---------+-------+---------+---------+-------
        D:1 |      24 |       0 |   0.0 |      15 |       0 |   0.0
        D:2 |      42 |       0 |   0.0 |      19 |       0 |   0.0
        D:3 |      22 |       0 |   0.0 |       4 |       0 |   0.0
            +---------+---------+-------+---------+---------+-------
